 Dungeon Crawl Stone Soup version 0.30-a0-347-gf58ed52 (webtiles) character file.

Game seed: 7233176362806931697

3063 Dorkslayer the Sneak (level 9, -1/61 HPs)
             Began as an Octopode Fighter on Nov 5, 2022.
             Was an Initiate of Gozag.
             Slain by a yak (13 damage)
             ... on level 7 of the Dungeon.
             The game lasted 00:15:25 (5353 turns).

Dorkslayer the Sneak (Octopode Fighter)             Turns: 5353, Time: 00:15:26

Health: -1/61      AC:  1    Str: 10    XL:     9   Next: 88%
Magic:  17/17      EV: 14    Int: 11    God:    Gozag
Gold:   1344       SH: 11    Dex: 15    Spells: 14/18 levels left

rFire   + . .      SeeInvis .    u - +10 mace of Vengeance {vorpal, rPois rN+ Str-5 Stlth+}
rCold   . . .      Faith    .    b - +1 buckler
rNeg    + . .      Spirit   .    (helmet restricted)
rPois   +          Reflect  +    o - amulet of reflection
rElec   .          Harm     .    p - ring of protection from fire
rCorr   .          Rampage  .    (no ring)
Will    .....                    (no ring)
Stlth   ++++++....               (no ring)
HPRegen 0.30/turn                (no ring)
MPRegen 0.15/turn                (no ring)
                                 (no ring)
                                 (no ring)

@: mighty, gold aura
A: almost no armour, amphibious, 8 rings, camouflage 1, gelatinous body 1,
(nimble swimmer 1), tentacles
a: Renounce Religion, Potion Petition, Call Merchant, Bribe Branch


You were on level 7 of the Dungeon.
You worshipped Gozag.
Gozag was most pleased with you.
You visited 2 branches of the dungeon, and saw 8 of its levels.

You collected 1439 gold pieces.
You paid 95 gold pieces to Gozag.

Inventory:

Hand Weapons
 a - a +0 long sword
 q - a +0 long sword of venom
 u - the +10 mace of Vengeance (weapon) {vorpal, rPois rN+ Str-5 Stlth+}
   (You found it on level 7 of the Dungeon)

   It inflicts extra damage upon your enemies.
   Str:       It affects your strength (-5).
   rPois:     It protects you from poison.
   rN:        It protects you from negative energy.
   Stlth:     It makes you more stealthy.
Armour
 b - a +1 buckler (worn)
Jewellery
 o - an amulet of reflection (around mantle)
 p - a ring of protection from fire (left tentacle)
Scrolls
 i - a scroll of fear {unknown}
 j - a scroll of fog
 n - 3 scrolls of amnesia {unknown}
 s - a scroll of enchant armour
Potions
 e - 2 potions of flight
 f - 2 potions of berserk rage
 h - a potion of heal wounds {unknown}
 l - 3 potions of brilliance
 r - a potion of ambrosia {unknown}
 t - a potion of attraction {unknown}


   Skills:
 + Level 5.1 Fighting
 + Level 7.0 Long Blades
 * Level 3.0 Maces & Flails
 + Level 1.7 Throwing
 + Level 5.0 Dodging
 + Level 7.7 Stealth
 + Level 5.1 Shields
 * Level 5.4 Spellcasting


You had 14 spell levels left.
You knew the following spells:

 Your Spells              Type           Power      Damage    Failure   Level
a - Airstrike             Air            1%         2d(1-17)  95%         4

Your spell library contained the following spells:

 Spells                   Type           Power      Damage    Failure   Level
 Slow                     Hex            8%         N/A       26%         1
 Summon Small Mammal      Summ           8%         N/A       26%         1
 Static Discharge         Conj/Air       4%         2-3/arc   36%         2
 Call Canine Familiar     Summ           2%         N/A       61%         3
 Confusing Touch          Hex            2%         N/A       61%         3
 Portal Projectile        Hex/Tloc       4%         N/A       61%         3
 Summon Guardian Golem    Hex/Summ       2%         N/A       61%         3
 Vampiric Draining        Necr           2%         2d6       61%         3
 Vhi's Electric Charge    Tloc/Air       4%         N/A       61%         3
 Leda's Liquefaction      Hex/Erth       1%         N/A       95%         4
 Summon Lightning Spire   Summ/Air       2%         N/A       95%         4
 Arcjolt                  Conj/Air       1%         1d11      100%        5
 Lightning Bolt           Conj/Air       1%         1d12      100%        5


Dungeon Overview and Level Annotations

Branches:
Dungeon (7/15)             Temple (1/1) D:6

Altars:
Cheibriados
Dithmenos
Elyvilon
Fedhas
Gozag
Hepliaklqana
Kikubaaqudgha
Makhleb
Nemelex Xobeh
Ru
Trog
Vehumet
Wu Jian
Yredelemnul
The Shining One

Annotations:
Temple 4 transporters


Innate Abilities, Weirdness & Mutations

You cannot wear most types of armour.
You are amphibious.
You can wear up to eight rings at the same time.
Your skin changes colour to match your surroundings (Stealth+).
Your rubbery body absorbs attacks. (AC +1, EV +1)
((You are camouflaged when in or above water. (Stealth+)))
You have tentacles for arms and can constrict up to eight enemies at once.


Message History

You block the centaur's attack.
Things that are here:
21 gold pieces; a +0 club; 5 poisoned darts Unknown command.
You thump the centaur! Your squeeze misses the centaur.
The centaur is severely wounded.
The centaur barely misses you. The centaur closely misses you.
The centaur barely misses you. The centaur misses you.
The water moccasin is distracted by your dazzling golden aura.
A howler monkey comes into view.
Unknown command.
You sock the centaur!
You kill the centaur!
The kobold is distracted by your dazzling golden aura.
The yak gores you.
The howler monkey is distracted by your dazzling golden aura.
Your Maces & Flails skill increases to level 3!
Unknown command.
The water moccasin is no longer distracted by gold.
The yak barely misses you.
Things that are here:
31 gold pieces; 3 poisoned darts; a curare-tipped dart You sock the yak!
The yak is moderately wounded.
The yak gores you!
* * * LOW HITPOINT WARNING * * *
The water moccasin is distracted by your dazzling golden aura.
The howler monkey hoots and howls with incredible vigour!
You block the yak's attack.
The water moccasin hisses angrily.
You feel better.
The howler monkey is distracted by your dazzling golden aura.
The yak gores you!
* * * LOW HITPOINT WARNING * * *
You feel better.
The kobold is no longer distracted by gold.
The water moccasin is no longer distracted by gold.
The yak gores you!
You die...
Your body crumbles into a pile of gold.

#......# #......#
#......##### #....
####.......## .....
#.#..##..## ...... #
#.##..##..# ...... #
#..##...#.# ####...... #
##.####.#.####......... #
#..# #..$@$........... ##
####.# ##..#Y$K......... .#
#....###.....$.......... .#
#........####....h...... .#
#...........##...h......
.###
#....######....((.._8_..
...# #....#
#####........_...
##.###....#
#P#P#...P........
#..#####.###..P..P.P........


You could see a yak, 2 howler monkeys and a kobold.

Vanquished Creatures
  Prince Ribbit (D:5)
  Sigmund (D:5)
  3 yaks (D:7)
  A wyvern (D:7)
  3 ice beasts (D:5)
  A sky beast (D:6)
  An ogre (D:6)
  The ghost of Gigglenaut the Insei, an amateur DsTm of Yredelemnul (D:3)
  2 centaurs (D:7)
  3 phantoms
  3 kobold brigands
  Blork the orc (D:5)
  A bullfrog (D:6)
  5 scorpions
  A wyvern skeleton (D:3)
  A water moccasin skeleton (D:3)
  2 jellies
  A bullfrog zombie (D:3)
  An orc priest (D:6)
  3 hounds
  2 iguanas
  An orc wizard (D:6)
  A hound zombie (D:3)
  6 adders
  A shadow imp (D:5)
  2 white imps
  3 ufetubi
  An adder skeleton (D:3)
  An adder zombie (D:3)
  2 worms (D:4)
  5 dart slugs
  7 orcs
  3 ball pythons
  8 endoplasms
  2 giant cockroaches (D:1)
  4 goblins
  3 hobgoblins
  3 jackals (D:3)
  A ball python skeleton (D:3)
  8 bats
  3 frilled lizards
  A giant cockroach zombie (D:3)
  22 kobolds
  6 rats
132 creatures vanquished.

Vanquished Creatures (others)
  2 yaks (D:7)
2 creatures vanquished.

Grand Total: 134 creatures vanquished

Notes
Turn   | Place    | Note
-------+----------+-------------------------------------------
     0 | D:1      | Dorkslayer the Octopode Fighter began the quest for the
                  | Orb.
     0 | D:1      | Reached XP level 1. HP: 16/16 MP: 1/1
   282 | D:1      | Reached XP level 2. HP: 21/21 MP: 2/2
   415 | D:1      | Reached skill level 1 in Spellcasting
   647 | D:1      | Reached XP level 3. HP: 26/26 MP: 4/4
   931 | D:2      | Found a faded altar of an unknown god.
  1225 | D:2      | Reached skill level 1 in Stealth
  1311 | D:3      | Reached XP level 4. HP: 31/31 MP: 6/6
  1487 | D:3      | Found a transporter.
  1489 | D:3      | Noticed Gigglenaut's ghost (amateur DsTm)
  1495 | D:3      | Found a transporter.
  1527 | D:3      | Noticed a phantom
  1749 | D:3      | Killed a phantom
  1750 | D:3      | Reached XP level 5. HP: 18/36 MP: 6/8
  1763 | D:3      | Killed Gigglenaut's ghost
  1764 | D:3      | Reached XP level 6. HP: 28/42 MP: 7/9
  2080 | D:4      | Reached XP level 7. HP: 34/47 MP: 9/11
  2244 | D:4      | Found a snail-covered altar of Cheibriados.
  2612 | D:4      | Found a blossoming altar of Fedhas.
  2625 | D:4      | Identified the +2 helmet of Lightning Storm {Rampage}
  2728 | D:4      | Identified a scroll of acquirement
  2728 | D:4      | Acquired 617 gold pieces
  2752 | D:4      | Found an opulent altar of Gozag.
  2760 | D:4      | Became a worshipper of Gozag Ym Sagoz the Greedy
  2982 | D:5      | Entered Level 5 of the Dungeon
  2997 | D:5      | Noticed Prince Ribbit
  3010 | D:5      | Killed Prince Ribbit
  3011 | D:5      | Reached skill level 5 in Stealth
  3124 | D:5      | Noticed Blork the orc
  3134 | D:5      | Killed Blork the orc
  3135 | D:5      | Reached skill level 5 in Long Blades
  3135 | D:5      | Reached XP level 8. HP: 49/54 MP: 11/13
  3332 | D:5      | Noticed Sigmund
  3339 | D:5      | Killed Sigmund
  3536 | D:5      | Reached XP level 9. HP: 30/59 MP: 15/15
  3558 | D:5      | Learned a level 4 spell: Airstrike
  4112 | D:6      | Reached skill level 1 in Throwing
  4406 | D:6      | Found a staircase to the Ecumenical Temple.
  4580 | Temple   | Entered the Ecumenical Temple
  4580 | Temple   | Found a transporter.
  4580 | Temple   | Found a transporter.
  4582 | Temple   | Found a transporter.
  4582 | Temple   | Found a transporter.
  5086 | D:7      | Identified the +10 mace of Vengeance {vorpal, rPois rN+
                  | Str-5 Stlth+}
  5123 | D:7      | Reached skill level 5 in Spellcasting
  5134 | D:7      | Reached skill level 5 in Shields
  5242 | D:7      | Found a hazy altar of Hepliaklqana.
  5302 | D:7      | Found a radiant altar of Vehumet.
  5305 | D:7      | Found a sparkling altar of Nemelex Xobeh.
  5306 | D:7      | Found an ornate altar of the Wu Jian Council.
  5324 | D:7      | Reached skill level 1 in Maces & Flails
  5337 | D:7      | Reached skill level 5 in Fighting
  5347 | D:7      | Reached skill level 5 in Dodging
  5353 | D:7      | Slain by a yak

Illustrated notes

Levels and vault maps discovered:
D:1:      heliophobic_arrival_glass_houses, layout_loops_cross,
          minmay_pentomino_p4
D:2:      layout_basic, basic_ecumenical_altar, kennysheep_doodads
D:3:      layout_rooms, gammafunk_ghost_mausoleum, serial_undead,
          serial_undead_a, serial_undead_b, serial_undead_d, serial_undead_a,
          nicolae_titane
D:4:      layout_basic, nicolae_gozag_cash_rules_everything_around_me,
          general_overflow_altar, mainiacjoe_overflow_paths
D:5:      layout_layer_cave, uniq_blork_the_orc, uniq_sigmund,
          uniq_prince_ribbit1
D:6:      layout_loops_cross, minmay_temple_entry_mist
D:7:      layout_rooms, chequers_temple_overflow_statue_of_worship,
          nicolae_hepliaklqana_hazy_memory, minmay_misc_feat_five, minivault_27
Temple:   hellmonk_temple_divided_pantheon

Skill      XL: |  1  2  3  4  5  6  7  8  9 |
---------------+----------------------------+-----
Spellcasting   | 1 2 3 4 5 |  5.4
Stealth        | 1 2 3 4 5 6 7 |  7.7
Long Blades    | 3 4 5 6 7 |  7.0
Dodging        | 4 5 |  5.0
Shields        | 4 5 |  5.1
Fighting       | 4 5 |  5.1
Throwing       | 1 |  1.7
Maces & Flails | 3 |  3.0

Action                   |  1- 3 |  4- 6 |  7- 9 || total
-------------------------+-------+-------+-------++-------
Melee: Long sword        |    74 |    51 |   143 ||   268
       Constrict         |    18 |    13 |    27 ||    58
       Tentacles         |     8 |    20 |    52 ||    80
       Punch             |       |     1 |     1 ||     2
       Mace              |       |       |    30 ||    30
Throw: Javelin           |       |     1 |    12 ||    13
       Dart              |       |       |     8 ||     8
  Use: Scroll            |       |     9 |     3 ||    12
       Potion            |       |     3 |     7 ||    10
 Stab: Sleeping          |     3 |     7 |    11 ||    21
       Invisible         |       |     2 |     4 ||     6
Armor: Skin              |    11 |     1 |     5 ||    17
Dodge: Dodged            |    56 |    26 |    74 ||   156
Block: Buckler           |    15 |    12 |    79 ||   106
       Reflection        |       |       |     6 ||     6

Table legend: (Time is in decaauts)
 A = Elapsed time spent in this place.
 B = Non-inter-level travel time spent in this place.
 C = Inter-level travel time spent in this place.
 D = Time resting spent in this place.
 E = Time spent auto-exploring this place.
 F = Levels seen in this place.
 G = Mean time per level.
                   A        B        C        D        E       F      G
               +--------+--------+--------+--------+--------+-----+--------+
         Total |   5436 |   5436 |      0 |    305 |   2933 |   8 |  679.5 |
       Dungeon |   5422 |   5422 |      0 |    305 |   2933 |   7 |  774.6 |
        Temple |     13 |     13 |      0 |      0 |      0 |   1 |   13.0 |
               +--------+--------+--------+--------+--------+-----+--------+

Top non-repeatable levels by time:
     D:4: 1104 daAuts
     D:6: 1091 daAuts
     D:5: 1028 daAuts
     D:1: 777 daAuts
     D:3: 617 daAuts
     D:2: 525 daAuts
     D:7: 278 daAuts
  Temple: 13 daAuts
